 Dungeon Crawl Stone Soup version 0.21.1-1-g345015f (webtiles) character file.

51 inc the Scratcher (level 3, -9/15 HPs)
             Began as a Felid Transmuter on Mar 13, 2018.
             Killed from afar by an orc wizard (13 damage)
             ... with a puff of frost
             ... on level 3 of the Dungeon.
             The game lasted 00:02:55 (2277 turns).

inc the Scratcher (Felid Transmuter)                Turns: 2277, Time: 00:02:56

Health: -9/15      AC:  1    Str:  6    XL:     3   Next: 58%
Magic:  16/16      EV: 18    Int: 15    God:
Gold:   254        SH:  0    Dex: 16    Spells: 3/6 levels left
                                        Lives:  0   Deaths: 0

rFire    . . .     SeeInvis +     - Unarmed
rCold    . . .     Gourm    .   (shield unavailable)
rNeg     . . .     Faith    .   (armour unavailable)
rPois    .         Spirit   .   (helmet unavailable)
rElec    .         Reflect  .   (cloak unavailable)
rCorr    .         Harm     .   (gloves unavailable)
MR       .....                  (boots unavailable)
Stlth    ++........             (no amulet)
HPRegen  0.05/turn              k - ring of magical power
MPRegen  0.15/turn              (no ring)

@: quick
A: very small, no armour, no weapons or thrown items, stealth, claws 1, fangs 3,
see invisible, carnivore, speed 1, shaggy fur 1, slow metabolism 1, sharp paws
a: no special abilities


You were on level 3 of the Dungeon.
You were not hungry.

You visited 1 branch of the dungeon, and saw 3 of its levels.

You collected 254 gold pieces.

Inventory:

Missiles
 a - 25 arrows
Jewellery
 k - a ring of magical power (left paw)
 r - an uncursed ring of loudness
Scrolls
 d - 3 scrolls of remove curse
 f - 2 scrolls of amnesia {unknown}
 i - a scroll of noise {unknown}
 n - a scroll of fear {unknown}
 o - a scroll of enchant armour {unknown}
 p - a scroll of teleportation {unknown}
 q - 3 scrolls of identify {unknown}
Potions
 e - 4 potions of agility {unknown}
 g - a potion of resistance {unknown}
 h - 2 potions of curing {unknown}
 j - a potion of heal wounds {unknown}
 l - 3 potions of lignification {unknown}
 m - a potion of brilliance {unknown}
Books
 b - a book of Changes

   Spells                             Type                      Level
   a - Beastly Appendage              Transmutation                1
   b - Sticks to Snakes               Transmutation                2
   c - Spider Form                    Transmutation/Poison         3
   d - Ice Form                       Ice/Transmutation            4
   e - Blade Hands                    Transmutation                5
Comestibles
 c - 9 rations


   Skills:
 - Level 1.0 Fighting
 - Level 2.6 Dodging
 - Level 4.0 Unarmed Combat
 - Level 2.0 Spellcasting
 + Level 3.3 Transmutations


You had 3 spell levels left.
You knew the following spells:

 Your Spells              Type           Power        Failure   Level  Hunger
a - Beastly Appendage     Tmut           ##....       5%          1    #......
b - Sticks to Snakes      Tmut           ##......     9%          2    ###....


Dungeon Overview and Level Annotations

Branches:
Dungeon (3/15)

Altars:
Kikubaaqudgha
Makhleb
Okawaru


Innate Abilities, Weirdness & Mutations

You cannot wear armour.
You are incapable of wielding weapons or throwing items.
Your paws allow you to move quietly. (Stealth)
You have sharp claws.
You have razor-sharp teeth.
You have supernaturally acute eyesight. (SInv)
You are carnivorous and can eat meat at any time.
You cover ground quickly.
You are covered in fur. (AC +1)
You have a slow metabolism.
Your sharp claws are effective at attacking unaware monsters.


Message History

The giant cockroach misses you.
You scratch the orc wizard.
The orc wizard is severely wounded.
The orc wizard hits you with a dagger!
* * * LOW HITPOINT WARNING * * *
The giant cockroach misses you.
You are too injured to fight recklessly!
You are too injured to fight recklessly!
You are too injured to fight recklessly!
You are too injured to fight recklessly!
You are too injured to fight recklessly!
You are too injured to fight recklessly!
You are too injured to fight recklessly!
You are too injured to fight recklessly!
You are too injured to fight recklessly!
You are too injured to fight recklessly!
The orc wizard points at you and mumbles some strange words.
The puff of frost hits you!
Ouch! That really hurt!
You die...

#######.#.#.#.....# ..#
..)#...#..##.#
#.#.####...#..<#.#
#.#....[...#..##.#
#.#.#####..#.....#
#.########.##.####
###....%......#.####
##.###s.....######.#.....
.....oo.@.†.'........#
...###....(.#######..#
#......# #..# #......#
#..# #......# #>#
######## ##


You could see an orc wizard, an orc and a giant cockroach.

Vanquished Creatures
  2 dart slugs
  A leopard gecko (D:2)
  An orc (D:3)
  4 bats
  4 giant cockroaches
  6 goblins
  5 hobgoblins
  5 jackals (D:2)
  A quokka (D:3)
  A ball python (D:1)
  3 frilled lizards
  A kobold (D:2)
  7 rats
41 creatures vanquished.

Notes
Turn   | Place    | Note
-------+----------+-------------------------------------------
     0 | D:1      | inc the Felid Transmuter began the quest for the Orb.
     0 | D:1      | Reached XP level 1. HP: 9/9 MP: 4/4
   231 | D:1      | Reached XP level 2. HP: 9/12 MP: 6/6
   337 | D:1      | Learned a level 2 spell: Sticks to Snakes
  1029 | D:2      | Reached skill level 4 in Unarmed Combat
  1181 | D:2      | Reached XP level 3. HP: 15/15 MP: 7/7
  1275 | D:2      | Found an iron altar of Okawaru.
  1379 | D:2      | Found a burning altar of Makhleb.
  1379 | D:2      | Noticed a balrug
  1382 | D:2      | Noticed a neqoxec
  1382 | D:2      | Noticed a smoke demon
  1980 | D:3      | Found an ancient bone altar of Kikubaaqudgha.
  2277 | D:3      | Killed from afar by an orc wizard

Skill      XL: |  1  2  3 |
---------------+----------+-----
Unarmed Combat | 4 |  4.0
Transmutations | 3 |  3.3
Fighting       | |  1.0
Dodging        | |  2.6
Spellcasting   | |  2.0

Action                   || total
-------------------------++-------
Melee: Unarmed           ||   110
       Bite              ||     6
  Use: Scroll            ||     1
 Stab: Sleeping          ||     7
  Eat: Chunk             ||     1
Armor: Skin              ||     6
Dodge: Dodged            ||    90
